 Dungeon Crawl Stone Soup version 0.22.1-1-ga44c0e5 (webtiles) character file.

25 raoullector the Conjurer (level 3, 0/24 HPs)
             Began as a Human Conjurer on Sept 30, 2018.
             Slain by Terence
             ... wielding a +1 mace of draining
              (8 damage)
             ... on level 3 of the Dungeon.
             The game lasted 00:33:40 (3185 turns).

raoullector the Conjurer (Human Conjurer)           Turns: 3185, Time: 00:33:40

Health: 0/24       AC:  5    Str:  9    XL:     3   Next: 17%
Magic:  12/15      EV:  9    Int: 15    God:
Gold:   39         SH:  0    Dex: 13    Spells: 3/6 levels left

rFire    . . .     SeeInvis .   o - +0 short sword
rCold    . . .     Gourm    .   (no shield)
rNeg     . . .     Faith    .   b - +0 ring mail
rPois    .         Spirit   .   (no helmet)
rElec    .         Reflect  .   (no cloak)
rCorr    .         Harm     .   (no gloves)
MR       .....                  (no boots)
Stlth    ..........             (no amulet)
HPRegen  0.08/turn              q - ring of magical power
MPRegen  0.14/turn              c - ring of attention (curse)

@: heavily drained
A: no striking features
a: no special abilities


You were on level 3 of the Dungeon.
You were not hungry.

You visited 1 branch of the dungeon, and saw 3 of its levels.

You collected 39 gold pieces.

Inventory:

Hand Weapons
 e - a +0 club
 o - a +0 short sword (weapon)
 p - a +0 dagger
Missiles
 k - 20 arrows
 r - 32 stones (quivered)
 s - 7 javelins
Armour
 b - a +0 ring mail (worn)
 h - a +1 robe of the Archmagi
 t - a +0 scale mail
Magical Staves
 n - an uncursed staff of summoning {unknown}
Jewellery
 c - a cursed ring of attention (right hand)
 q - a ring of magical power (left hand)
Scrolls
 a - a scroll of enchant armour {unknown}
 d - a scroll of magic mapping {unknown}
 g - a scroll of identify {unknown}
 j - a scroll of remove curse {unknown}
 l - a scroll of random uselessness {unknown}
 m - a scroll of fog {unknown}
Potions
 f - a potion of might {unknown}


   Skills:
 + Level 0.4(0.0) Short Blades
 + Level 0.8(0.0) Armour
 + Level 2.2(0.4) Dodging
 + Level 2.0(0.2) Stealth
 + Level 0.2(0.0) Unarmed Combat
 + Level 2.1(0.2) Spellcasting
 + Level 4.3(2.3) Conjurations


You had 3 spell levels left.
You knew the following spells:

 Your Spells              Type           Power        Failure   Level  Hunger
a - Magic Dart            Conj           #...         28%         1    ##.....
b - Searing Ray           Conj           #.....       38%         2    ###....

Your spell library contained the following spells:

 Spells                   Type           Power        Failure   Level  Hunger
 Dazzling Spray           Conj/Hex       #.....       80%         3    ####...
 Iskenderun's Mystic Bla  Conj           #.......     95%         4    #####..
 Force Lance              Conj/Tloc      #.......     99%         4    #####..
 Fulminant Prism          Conj/Hex       #.........   99%         4    #####..


Dungeon Overview and Level Annotations

Branches:
Dungeon (3/15)

Altars:
Cheibriados

Annotations:
D:2 1 runed door
D:3 Terence


Message History

Terence barely misses you.
You hit Terence but do no damage.
Terence is moderately wounded.
Terence hits you with a mace of draining.
You feel drained.
You hit Terence but do no damage.
Terence is moderately wounded.
Terence hits you with a mace of draining.
You feel drained.
* * * LOW HITPOINT WARNING * * *
You completely miss Terence.
Terence is moderately wounded.
Terence barely misses you.
Your ring mail prevents you from hitting Terence.
Terence is moderately wounded.
Terence closely misses you.
You hit Terence.
Terence is heavily wounded.
Terence hits you with a mace of draining!
You die...

.# . ##.
#####. ..
###.... ..#
# .. ....
..# #.#.
..#... #.#.
#.#.# ...
#@..#
#.###@#.#
#.<.Kg# #
#.........#
#####.#.###
#....#
#......
#....###
..#.##


You could see Terence, a hobgoblin and a kobold.

Vanquished Creatures
  2 leopard geckos
  2 bats (D:1)
  2 giant cockroaches (D:1)
  4 goblins (D:1)
  A hobgoblin (D:1)
  2 jackals (D:1)
  A ball python (D:1)
  2 frilled lizards
  3 kobolds
  2 rats (D:1)
21 creatures vanquished.

Notes
Turn   | Place    | Note
-------+----------+-------------------------------------------
     0 | D:1      | raoullector the Human Conjurer began the quest for the Orb.
     0 | D:1      | Reached XP level 1. HP: 13/13 MP: 3/3
  1245 | D:1      | Reached XP level 2. HP: 19/19 MP: 0/5
  2687 | D:1      | Reached XP level 3. HP: 24/24 MP: 6/6
  2954 | D:2      | Found a snail-covered altar of Cheibriados.
  3004 | D:2      | Learned a level 2 spell: Searing Ray
  3037 | D:2      | Found a runed door.
  3149 | D:2      | Noticed Terence
  3185 | D:3      | Slain by Terence

Action                   || total
-------------------------++-------
Melee: Unarmed           ||    26
       Club              ||     3
       Short sword       ||    42
 Cast: Magic Dart        ||    20
       Searing Ray       ||     1
  Eat: Chunk             ||     4
       Ration            ||     1
Armor: Ring mail         ||    32
Dodge: Dodged            ||    50
